[Event "Titled Tuesday Blitz May 10 Early 2022"]
[White "Ohanyan, Emin"]
[Black "Munoz, Francisco Javier"]
[WhiteFideId "13312022"]
[BlackFideId "128368"]
[WhiteElo "1927"]
[BlackElo "2383"]
[Result "1-0"]
[Round "02"]
[TimeControl "180+1"]
[Date "2022.05.11"]
[WhiteClock "0:00:37"]
[BlackClock "0:00:04"]

1. e4 c5 2. Nf3 Nf6 3. Nc3 d5 4. exd5 Nxd5 5. Bc4 Nxc3 6. bxc3 Nc6 7. d4 e6 8. O-O Be7 9. h3 O-O 10. Re1 Bf6 11. Be3 cxd4 12. cxd4 b6 13. d5 Na5 14. Bd3 exd5 15. Bd4 Be6 16. Ne5 Rc8 17. Qh5 h6 18. Re3 Nc4 19. Bxc4 dxc4 20. c3 Bg5 21. Rg3 f6 22. Ng6 Bf7 23. h4 Bf4 24. Rg4 Bb8 25. Re1 Qc7 26. Ne7+ Kh8 27. Qxh6+ gxh6 28. Bxf6+ Kh7 29. Rg7+ Kh8 30. Rxf7# 1-0


[Site "https://www.chess.com"]

[Event "Titled Tuesday Blitz May 10 Early 2022"]
[White "Omelja, Artem"]
[Black "Moussard, Jules"]
[WhiteFideId "14119846"]
[BlackFideId "642908"]
[WhiteElo "2382"]
[BlackElo "2589"]
[Result "0-1"]
[Round "02"]
[TimeControl "180+1"]
[Date "2022.05.10"]
[WhiteClock "0:00:10"]
[BlackClock "0:01:26"]

1. d4 d5 2. c4 e6 3. Nc3 a6 4. cxd5 exd5 5. Nf3 Nf6 6. Bg5 Be6 7. e3 Nbd7 8. Qc2 h6 9. Bh4 g5 10. Bg3 Nh5 11. Be5 Nhf6 12. Bg3 Nh5 13. Be5 Ng7 14. Be2 Nxe5 15. Nxe5 Bd6 16. O-O c5 17. f4 cxd4 18. exd4 Qb6 19. Rad1 gxf4 20. Ng4 O-O-O 21. Nxd5+ Qc6 22. Qxc6+ bxc6 23. Nxf4 Bxa2 24. Bxa6+ Kc7 25. Ne5 Rb8 26. Rf2 Nf5 27. Bc4 Bxe5 28. Bxa2 Bxd4 29. Rxd4 Nxd4 30. Bxf7 Rhf8 31. Bc4 Rb4 32. b3 Rxc4 33. bxc4 Rxf4 34. Rxf4 Ne2+ 35. Kf2 Nxf4 36. Kf3 Nd3 37. Kg4 Ne5+ 38. Kh5 Nxc4 39. Kxh6 Ne3 40. h3 Nxg2 41. Kg5 Kd6 42. Kf5 Kd5 43. Kg4 c5 44. Kg3 Ne3 45. h4 Nf5+ 46. Kg4 Nxh4 47. Kxh4 c4 48. Kg3 c3 49. Kf2 c2 50. Ke1 c1=Q+ 51. Ke2 Qf4 0-1


[Site "https://www.chess.com"]

[Event "Titled Tuesday Blitz May 10 Early 2022"]
[White "Oparin, Grigoriy"]
[Black "Petrov, Martin"]
[WhiteFideId "24125890"]
[BlackFideId "2911086"]
[WhiteElo "2665"]
[BlackElo "2343"]
[Result "1-0"]
[Round "02"]
[TimeControl "180+1"]
[Date "2022.05.10"]
[WhiteClock "0:00:05"]
[BlackClock "0:00:02"]

1. d4 Nf6 2. c4 e6 3. Nf3 b6 4. g3 Ba6 5. b3 Bb4+ 6. Bd2 Be7 7. Bg2 O-O 8. Bc3 d5 9. Ne5 Bb7 10. Nd2 c5 11. O-O Nc6 12. Nxc6 Bxc6 13. Rc1 Rc8 14. dxc5 d4 15. Bb2 Bxg2 16. Kxg2 bxc5 17. Nf3 Qd6 18. e3 e5 19. exd4 exd4 20. Re1 Rfe8 21. Qd3 Bf8 22. Rxe8 Rxe8 23. Re1 Rxe1 24. Nxe1 Qa6 25. a3 Qb7+ 26. Qf3 Ne4 27. Nd3 g6 28. g4 a5 29. a4 Qe7 30. Bc1 Qe6 31. Nf4 Qe5 32. Nd5 Bd6 33. Bf4 Qe6 34. g5 Bxf4 35. Qxf4 Kg7 36. Kf3 Qf5 37. Qxf5 gxf5 38. Ke2 Nxg5 39. Ne7 Kf6 40. Nc6 Ne6 41. Nxa5 Ke5 42. Nb7 Ke4 43. Nd6+ Ke5 44. Nxf7+ Ke4 45. Nd6+ Ke5 46. Nb7 Ke4 47. Kd2 Kf3 48. a5 Nc7 49. Nxc5 Kxf2 50. Kd3 f4 51. Kxd4 f3 52. Kd3 Kg2 53. Ne4 Ne6 54. b4 Ng5 55. Nd2 f2 56. a6 1-0


[Site "https://www.chess.com"]

[Event "Titled Tuesday Blitz May 10 Early 2022"]
[White "Ozates, Tuna"]
[Black "Mica, Marek"]
[WhiteFideId "6354521"]
[BlackFideId "382884"]
[WhiteElo "1887"]
[BlackElo "2100"]
[Result "1/2-1/2"]
[Round "02"]
[TimeControl "180+1"]
[Date "2022.05.11"]
[WhiteClock "0:00:35"]
[BlackClock "0:00:20"]

1. d4 Nf6 2. Bg5 d5 3. Bxf6 gxf6 4. c4 c6 5. Nc3 Bg7 6. e3 O-O 7. Qh5 f5 8. cxd5 cxd5 9. Bd3 e5 10. dxe5 Bxe5 11. Nf3 Bxc3+ 12. bxc3 Qf6 13. Rc1 Nc6 14. Nd4 Nxd4 15. cxd4 Be6 16. h4 Rfc8 17. Ke2 Qg6 18. Qf3 h5 19. Rxc8+ Rxc8 20. Rh3 Kf8 21. Rg3 Qf6 22. Qxh5 Ke7 23. Rf3 Rh8 24. Qg5 Rxh4 25. Qxf6+ Kxf6 26. Rg3 Rg4 27. Kf3 Kg5 28. Rh3 Rh4 29. Rxh4 Kxh4 30. Kf4 a5 31. Bxf5 b5 32. Bxe6 fxe6 33. e4 b4 34. exd5 exd5 35. Ke3 a4 36. Kd3 Kg4 37. Kd2 Kf4 38. Kd3 Kg4 39. Kc2 Kf4 40. Kd3 Kg4 1/2-1/2


[Site "https://www.chess.com"]

[Event "Titled Tuesday Blitz May 10 Early 2022"]
[White "Piesik, Piotr"]
[Black "Dubov, Daniil"]
[WhiteFideId "1136194"]
[BlackFideId "24126055"]
[WhiteElo "2190"]
[BlackElo "2791"]
[Result "0-1"]
[Round "02"]
[TimeControl "180+1"]
[Date "2022.05.10"]
[WhiteClock "0:01:16"]
[BlackClock "0:02:07"]

1. Nf3 Nf6 2. g3 b6 3. Bg2 Bb7 4. O-O g6 5. c4 c5 6. Nc3 Bg7 7. d3 O-O 8. e4 d6 9. Ne1 Nc6 10. f4 Nd7 11. Nc2 a6 12. Be3 b5 13. Qd2 Nb6 14. b3 b4 15. Nd5 Bxa1 16. Rxa1 Nd7 17. f5 e6 18. Nf4 Qe7 19. fxe6 fxe6 20. Bh3 Rf6 21. a3 Nde5 22. Kh1 a5 23. a4 Raf8 24. Re1 Nf3 0-1


[Site "https://www.chess.com"]

[Event "Titled Tuesday Blitz May 10 Early 2022"]
[White "Plotnikov, Pavel"]
[Black "Kazarian, Anna-Maja"]
[WhiteFideId "4170342"]
[BlackFideId "1033689"]
[WhiteElo "2298"]
[BlackElo "2004"]
[Result "0-1"]
[Round "02"]
[TimeControl "180+1"]
[Date "2022.05.11"]
[WhiteClock "0:00:13"]
[BlackClock "0:00:06"]

1. e4 e6 2. d4 d5 3. Nd2 Nf6 4. e5 Nfd7 5. Ngf3 c5 6. c3 Nc6 7. Bd3 Qb6 8. O-O cxd4 9. cxd4 Nxd4 10. Nxd4 Qxd4 11. Nf3 Qb6 12. Be3 Bc5 13. Bxc5 Nxc5 14. Bc2 Bd7 15. Qd4 a5 16. Rac1 Rc8 17. a3 a4 18. Qg4 g6 19. Qf4 Bb5 20. Rfd1 h6 21. Qf6 Rg8 22. Qh4 Be2 23. Bxa4+ Kf8 24. Qxh6+ Ke7 25. Qh4+ Kf8 26. Rd2 Bxf3 27. gxf3 Qa5 28. Qb4 Qxb4 29. axb4 Ra8 30. Bd1 Nd7 31. Rc7 Nxe5 32. Rxb7 Kg7 33. Be2 Ra1+ 34. Kg2 Rc8 35. f4 Nc6 36. b5 Nb4 37. b6 Rb1 38. Bb5 Rc2 39. Rxc2 Nxc2 40. Be8 Rxb2 41. Rxf7+ Kh6 42. b7 d4 43. Rd7 d3 44. Rxd3 Ne1+ 45. Kg3 Nxd3 46. f3 Rxb7 47. h4 Rb3 48. Ba4 Rc3 49. Bd7 Ne1 50. Bxe6 Rxf3+ 51. Kg4 Re3 52. Bd5 Nd3 53. Bc4 Nf2# 0-1


[Site "https://www.chess.com"]

[Event "Titled Tuesday Blitz May 10 Early 2022"]
[White "Polster, Christian"]
[Black "Garagulya, Konstantin"]
[WhiteFideId "12965081"]
[BlackFideId "4128931"]
[WhiteElo "2286"]
[BlackElo "2329"]
[Result "1-0"]
[Round "02"]
[TimeControl "180+1"]
[Date "2022.05.11"]
[WhiteClock "0:00:14"]
[BlackClock "0:00:17"]

1. e4 c5 2. Nc3 a6 3. g3 b5 4. Bg2 Bb7 5. Nge2 e6 6. O-O d5 7. exd5 exd5 8. d4 Nf6 9. Re1 Be7 10. dxc5 O-O 11. Nf4 Bxc5 12. Ncxd5 Nxd5 13. Nxd5 Ra7 14. b4 Bxd5 15. bxc5 Bxg2 16. Kxg2 Qc8 17. Be3 Nd7 18. Qd6 Rc7 19. a4 Nxc5 20. axb5 axb5 21. Kg1 Ne6 22. Rab1 Rxc2 23. Rxb5 Qc4 24. Rb8 Rxb8 25. Qxb8+ Qc8 26. Qxc8+ Rxc8 27. Kg2 h6 28. g4 Rc4 29. h3 Kh7 30. Ra1 Kg6 31. Ra6 Kh7 32. f4 Rc3 33. Kf3 Nc7 34. Ra5 Rb3 35. f5 Nb5 36. h4 Nd6 37. Ra7 Nc4 38. Re7 Kg8 39. Kf4 Kf8 40. Re4 Nxe3 41. Rxe3 Rb1 42. g5 h5 43. Ke5 Rg1 44. Re4 Ra1 45. f6 Ra5+ 46. Kf4 gxf6 47. gxf6 Kg8 48. Re5 Rxe5 49. Kxe5 Kh7 50. Kd6 Kh6 51. Kd7 Kh7 52. Ke8 Kg6 53. Ke7 Kf5 54. Kxf7 Kg4 55. Kg7 Kxh4 56. f7 1-0


[Site "https://www.chess.com"]

[Event "Titled Tuesday Blitz May 10 Early 2022"]
[White "Pourkashiyan, Atousa"]
[Black "Tania, Sachdev"]
[WhiteFideId "12502014"]
[BlackFideId "5007844"]
[WhiteElo "2247"]
[BlackElo "2280"]
[Result "1/2-1/2"]
[Round "02"]
[TimeControl "180+1"]
[Date "2022.05.11"]
[WhiteClock "0:00:11"]
[BlackClock "0:00:25"]

1. e4 e5 2. Nf3 Nc6 3. Bb5 a6 4. Ba4 Nf6 5. O-O b5 6. Bb3 Bb7 7. d3 Be7 8. a4 d6 9. axb5 axb5 10. Rxa8 Qxa8 11. Nc3 b4 12. Nd5 Nxd5 13. Bxd5 O-O 14. Bg5 Bxg5 15. Nxg5 h6 16. Nxf7 Rxf7 17. f4 Nd8 18. Bxf7+ Nxf7 19. fxe5 Nxe5 20. Qd2 c5 21. Qf4 Qe8 22. h3 Qe7 23. Qf5 Bc6 24. Kh1 Bd7 25. Qf2 Kh7 26. Qg3 Qg5 27. Qxg5 hxg5 28. Ra1 b3 29. cxb3 Nxd3 30. Kg1 Bc6 31. Ra6 Nb4 32. Rb6 Bxe4 33. Rxd6 Nd3 34. Rd8 Nxb2 35. Kf2 Kg6 36. g3 Bf5 37. Rd6+ Kf7 38. Rc6 Be4 39. Rc7+ Kf6 40. Ke3 Bf5 41. Rxc5 Bxh3 42. b4 Nd1+ 43. Kd2 Nf2 44. Rc6+ Ke5 45. Rc5+ Kd4 46. Ke2 Ne4 47. Rc7 Bg4+ 48. Ke1 Nxg3 49. b5 Nf5 50. b6 Bf3 51. b7 Bxb7 52. Rxb7 g4 53. Kf2 Ke5 54. Rb5+ Kf4 55. Rb4+ Kg5 56. Kg2 Kh4 57. Ra4 Kg5 58. Kg1 Kh4 59. Kg2 Kg5 60. Ra5 Kf4 61. Ra4+ Kg5 1/2-1/2


[Site "https://www.chess.com"]

[Event "Titled Tuesday Blitz May 10 Early 2022"]
[White "Prieto Aranguren, Alain"]
[Black "Lucas, Arthur"]
[WhiteFideId "2268906"]
[BlackFideId "26093073"]
[WhiteElo "2235"]
[BlackElo "2129"]
[Result "0-1"]
[Round "02"]
[TimeControl "180+1"]
[Date "2022.05.11"]
[WhiteClock "0:00:55"]
[BlackClock "0:01:23"]

1. d4 g6 2. h4 h5 3. Nh3 Bg7 4. Ng5 d5 5. e3 Nh6 6. c3 O-O 7. Bd3 c5 8. Nd2 Nc6 9. Ndf3 cxd4 10. exd4 Bf5 11. Be2 Re8 12. Bf4 Ng4 13. Qd2 f6 14. Nh3 e5 15. dxe5 fxe5 16. Bg5 Qd7 17. O-O-O d4 18. Bc4+ Kh8 19. Rhe1 Rac8 20. b3 Na5 21. cxd4 Nxc4 22. bxc4 Rxc4+ 23. Kb2 e4 24. Ne5 Nxe5 25. dxe5 Bxe5+ 26. Kb3 Qb5+ 27. Ka3 Ra4# 0-1


[Site "https://www.chess.com"]

[Event "Titled Tuesday Blitz May 10 Early 2022"]
[White "Quirke, Jeffrey"]
[Black "Martin Carmona, Gaston Manuel"]
[WhiteFideId "2013029"]
[BlackFideId "22284567"]
[WhiteElo "2134"]
[BlackElo "2162"]
[Result "0-1"]
[Round "02"]
[TimeControl "180+1"]
[Date "2022.05.11"]
[WhiteClock "0:01:10"]
[BlackClock "0:02:35"]

1. d4 Nf6 2. Nf3 e6 3. Bg5 d5 4. e3 c5 5. c3 Nc6 6. Nbd2 Be7 7. Bd3 O-O 8. O-O b6 9. Ne5 Bb7 10. f4 Ne8 11. Qh5 g6 12. Nxg6 fxg6 13. Bxg6 hxg6 14. Qxg6+ Ng7 15. Bh6 Bf6 16. Rf3 Qe8 17. Qg4 Qh5 0-1


[Site "https://www.chess.com"]

[Event "Titled Tuesday Blitz May 10 Early 2022"]
[White "Rahman, Adel"]
[Black "Stoleriu, George"]
[WhiteFideId "14204177"]
[BlackFideId "1227505"]
[WhiteElo "2175"]
[BlackElo "2194"]
[Result "0-1"]
[Round "02"]
[TimeControl "180+1"]
[Date "2022.05.11"]
[WhiteClock "0:00:12"]
[BlackClock "0:00:10"]

1. e4 e6 2. d4 d5 3. Nc3 Bb4 4. e5 c5 5. a3 Bxc3+ 6. bxc3 Qc7 7. Qg4 f6 8. Nf3 c4 9. h4 h5 10. Qf4 Qf7 11. a4 Ne7 12. Rh3 Ng6 13. Qe3 Nc6 14. Rg3 Nge7 15. Qf4 Nf5 16. Rh3 Qg6 17. exf6 gxf6 18. Ba3 Qg4 19. Qc7 Rg8 20. O-O-O Rg7 21. Qh2 Bd7 22. Re1 O-O-O 23. Nd2 Na5 24. Bb4 Nc6 25. Ba3 Re8 26. Rf3 e5 27. dxe5 fxe5 28. g3 Qg6 29. Bh3 e4 30. Rf4 Ne5 31. Qg2 Ng4 32. Bc5 b6 33. Bb4 Bxa4 34. f3 exf3 35. Rxe8+ Qxe8 36. Nxf3 Nfe3 37. Qe2 Bxc2 38. Nd4 Bd3 39. Qf3 Kb7 40. Rf8 Qa4 41. Bxg4 Qa1+ 42. Kd2 Nf1+ 43. Qxf1 Bxf1 44. Ke3 Qe1+ 45. Be2 Bxe2 46. Nxe2 Rxg3+ 47. Rf3 Rxf3+ 48. Kxf3 Qf1+ 49. Ke3 Qh3+ 50. Kd4 Qxh4+ 51. Kxd5 Qg5+ 52. Ke6 Qg4+ 53. Ke7 Qxe2+ 0-1


[Site "https://www.chess.com"]

[Event "Titled Tuesday Blitz May 10 Early 2022"]
[White "Redzisz, Michal"]
[Black "Riehle, Marco"]
[WhiteFideId "21816107"]
[BlackFideId "12904392"]
[WhiteElo "2004"]
[BlackElo "2462"]
[Result "0-1"]
[Round "02"]
[TimeControl "180+1"]
[Date "2022.05.11"]
[WhiteClock "0:00:58"]
[BlackClock "0:01:16"]

1. Nf3 d5 2. b3 c5 3. Bb2 Nc6 4. e3 Nf6 5. Bb5 Bd7 6. O-O e6 7. d3 Bd6 8. Bxc6 Bxc6 9. Ne5 Bxe5 10. Bxe5 O-O 11. Nd2 Nd7 12. Bg3 e5 13. e4 dxe4 14. dxe4 f6 15. Qe2 Qe7 16. f3 Rfd8 17. Rfd1 Nf8 18. Bf2 b6 19. Nc4 Bb5 20. a4 Ba6 21. Rxd8 Rxd8 22. Rd1 Rxd1+ 23. Qxd1 Bxc4 24. bxc4 Qd7 25. Qd5+ Qxd5 26. cxd5 Kf7 27. a5 Ng6 28. axb6 axb6 29. Kf1 Ke7 30. g3 Kd6 31. Ke2 b5 32. Kd3 Ne7 33. Be1 f5 34. Ba5 fxe4+ 35. fxe4 h5 36. Bd8 Ng6 37. Bg5 Nf8 38. Ke3 Nd7 39. Bd8 c4 40. h3 b4 41. Ba5 Kc5 42. Bc7 b3 43. cxb3 cxb3 44. Kd3 b2 45. Kc2 Kd4 46. Kxb2 Kxe4 47. d6 Kf3 48. g4 h4 49. Bd8 Kg3 50. Kc3 Kxh3 51. g5 Kg2 0-1


[Site "https://www.chess.com"]

[Event "Titled Tuesday Blitz May 10 Early 2022"]
[White "Reprintsev, Alexander"]
[Black "Ismayil, Malak"]
[WhiteFideId "14100541"]
[BlackFideId "13412604"]
[WhiteElo "2108"]
[BlackElo "1879"]
[Result "1-0"]
[Round "02"]
[TimeControl "180+1"]
[Date "2022.05.11"]
[WhiteClock "0:01:18"]
[BlackClock "0:00:25"]

1. e4 e5 2. f4 d5 3. exd5 Qxd5 4. Nc3 Qa5 5. fxe5 Qxe5+ 6. Qe2 Qxe2+ 7. Bxe2 Nc6 8. Nb5 Kd8 9. Nf3 a6 10. Nbd4 Nxd4 11. Nxd4 Nf6 12. Bf3 c5 13. Nb3 Kc7 14. d3 Bd6 15. O-O Nd7 16. Be3 Rb8 17. Bg4 f6 18. Bxd7 Bxd7 19. Bxc5 b6 20. Bxd6+ Kxd6 21. Rfe1 Rbc8 22. c3 Bf5 23. Rad1 Bg4 24. Rd2 h5 25. h3 Bd7 26. Rde2 g5 27. Nd2 f5 28. Nc4+ Kc7 29. Re7 Rhd8 30. R1e5 b5 31. Ne3 Kd6 32. d4 f4 33. Nd5 Bc6 34. R7e6+ Kd7 35. Nb6+ Kc7 36. Nxc8 1-0


[Site "https://www.chess.com"]

[Event "Titled Tuesday Blitz May 10 Early 2022"]
[White "Richter, Nils"]
[Black "Hambleton, Aman"]
[WhiteFideId "12990809"]
[BlackFideId "2606577"]
[WhiteElo "2243"]
[BlackElo "2552"]
[Result "0-1"]
[Round "02"]
[TimeControl "180+1"]
[Date "2022.05.10"]
[WhiteClock "0:00:31"]
[BlackClock "0:00:01"]

1. d4 Nf6 2. Nf3 e6 3. c4 b6 4. e3 Bb7 5. Bd3 c5 6. O-O d6 7. Nc3 a6 8. e4 cxd4 9. Nxd4 Be7 10. b3 Nbd7 11. Bb2 O-O 12. Qe2 Re8 13. Rae1 Bf8 14. f4 e5 15. fxe5 Nxe5 16. Bb1 g6 17. Nd5 Nxd5 18. exd5 Bg7 19. Kh1 Qc7 20. Qd2 Re7 21. Nf3 Rae8 22. Nxe5 Bxe5 23. Bxe5 Rxe5 24. Rxe5 Rxe5 25. Re1 Qe7 26. Rxe5 Qxe5 27. h3 b5 28. Bd3 Qa1+ 29. Kh2 Qd4 30. Qe2 bxc4 31. bxc4 Kf8 32. Be4 Bc8 33. Bf3 Bd7 34. c5 Qxc5 35. Qxa6 Bb5 36. Qa5 Qc4 37. Qd8+ Kg7 38. Qxd6 Qxa2 39. Qe5+ Kg8 40. Qb8+ Be8 41. Qb5 Bxb5 0-1


[Site "https://www.chess.com"]

[Event "Titled Tuesday Blitz May 10 Early 2022"]
[White "Rodchenkov, Sergey D."]
[Black "Leiva, Gianmarco"]
[WhiteFideId "4168712"]
[BlackFideId "3804399"]
[WhiteElo "2306"]
[BlackElo "2323"]
[Result "1-0"]
[Round "02"]
[TimeControl "180+1"]
[Date "2022.05.11"]
[WhiteClock "0:02:20"]
[BlackClock "0:00:21"]

1. e4 c5 2. Nf3 d6 3. d4 cxd4 4. Nxd4 Nf6 5. Nc3 a6 6. Bg5 e6 7. f4 Nbd7 8. Qf3 Qc7 9. O-O-O b5 10. e5 Bb7 11. Qh3 dxe5 12. Nxe6 fxe6 13. Qxe6+ Be7 14. Nxb5 axb5 15. Bxb5 Ra6 16. Rxd7 Rxe6 17. Rxc7+ Kf7 18. Rxb7 h6 19. Bc4 hxg5 20. f5 1-0


[Site "https://www.chess.com"]

[Event "Titled Tuesday Blitz May 10 Early 2022"]
[White "Rohith Krishna S"]
[Black "Pasti, Aron"]
[WhiteFideId "46617051"]
[BlackFideId "785857"]
[WhiteElo "2117"]
[BlackElo "2133"]
[Result "1-0"]
[Round "02"]
[TimeControl "180+1"]
[Date "2022.05.11"]
[WhiteClock "0:01:57"]
[BlackClock "0:00:08"]

1. e4 c5 2. Nf3 e6 3. d4 cxd4 4. Nxd4 Nc6 5. Nc3 Qc7 6. Be2 Nf6 7. O-O Be7 8. h3 O-O 9. Nb3 Rd8 10. Bf3 Ne5 11. Bf4 Nxf3+ 12. Qxf3 d6 13. Rad1 a6 14. a4 b6 15. Rfe1 Bb7 16. Bh2 Rac8 17. Qe2 Qc6 18. Nd4 Qc4 19. Qe3 d5 20. e5 Ne4 21. Nxe4 dxe4 22. b3 Qc3 23. Bf4 Qxe3 24. Bxe3 Bc5 25. c3 Kf8 26. b4 Be7 27. Ne2 Rd3 28. Bxb6 Bc6 29. Ra1 Bd5 30. Bd4 Bc4 31. Nf4 Rd2 32. Rxe4 g5 33. Nh5 Bd5 34. Re3 Bxb4 35. Nf6 Kg7 36. Rg3 h6 37. h4 Kg6 38. hxg5 hxg5 39. Be3 Bxc3 40. Rxg5+ Kh6 41. Rg8# 1-0


[Site "https://www.chess.com"]

[Event "Titled Tuesday Blitz May 10 Early 2022"]
[White "Rozman, Levy"]
[Black "Sarana, Alexey"]
[WhiteFideId "2039877"]
[BlackFideId "24133795"]
[WhiteElo "2376"]
[BlackElo "2666"]
[Result "1-0"]
[Round "02"]
[TimeControl "180+1"]
[Date "2022.05.10"]
[WhiteClock "0:00:21"]
[BlackClock "0:00:01"]

1. d4 Nf6 2. Bg5 d5 3. Nd2 c5 4. e3 Nc6 5. c3 Qb6 6. Qb3 c4 7. Qc2 Bg4 8. Bxf6 gxf6 9. e4 e6 10. Be2 Bxe2 11. Nxe2 dxe4 12. Nxe4 Be7 13. O-O h5 14. Qa4 Qxb2 15. Qxc4 Qb6 16. Rab1 Qa6 17. Qxa6 bxa6 18. Rb7 O-O-O 19. Rfb1 Rd7 20. R7b3 f5 21. Nd2 Bd6 22. Nc4 Bc7 23. Ra3 a5 24. Rb5 e5 25. Rc5 Rh6 26. d5 Bb6 27. Rb5 Ne7 28. d6 Nc6 29. Rab3 a4 30. Rb1 Re6 31. Rd5 Kb7 32. Ng3 f4 33. Ne4 Ka6 34. Rdb5 Na5 35. Rxa5+ Bxa5 36. Nc5# 1-0


[Site "https://www.chess.com"]

[Event "Titled Tuesday Blitz May 10 Early 2022"]
[White "Samadov, Read"]
[Black "Vovk, Orest"]
[WhiteFideId "13417444"]
[BlackFideId "14113490"]
[WhiteElo "2084"]
[BlackElo "2203"]
[Result "1-0"]
[Round "02"]
[TimeControl "180+1"]
[Date "2022.05.10"]
[WhiteClock "0:00:41"]
[BlackClock "0:00:54"]

1. d4 e5 2. dxe5 Nc6 3. Nf3 Qe7 4. g3 Nxe5 5. Nxe5 Qxe5 6. Bg2 Nf6 7. c4 Bb4+ 8. Nd2 O-O 9. a3 Bxd2+ 10. Qxd2 d6 11. O-O Qh5 12. Re1 Rb8 13. b3 b5 14. cxb5 Rxb5 15. b4 Bb7 16. e4 a5 17. Bb2 axb4 18. axb4 Ng4 19. h3 Ne5 20. Qc3 Qg6 21. f4 Nc6 22. f5 Qh6 23. Rf1 Ne5 24. Qxc7 Qe3+ 25. Kh2 Rxb4 26. Bxe5 dxe5 27. Qxe5 Rb2 28. Qxb2 Bxe4 29. Rae1 Qb6 30. Qxb6 1-0


[Site "https://www.chess.com"]

[Event "Titled Tuesday Blitz May 10 Early 2022"]
[White "Samunenkov, Ihor"]
[Black "Gheorghiu, Calin"]
[WhiteFideId "14187086"]
[BlackFideId "1200305"]
[WhiteElo "2409"]
[BlackElo "2168"]
[Result "1/2-1/2"]
[Round "02"]
[TimeControl "180+1"]
[Date "2022.05.11"]
[WhiteClock "0:00:02"]
[BlackClock "0:00:56"]

1. d4 d5 2. c4 dxc4 3. e3 e5 4. Bxc4 exd4 5. exd4 Nf6 6. Nf3 Be7 7. O-O O-O 8. h3 Nc6 9. Nc3 Bf5 10. d5 Na5 11. Be2 Ne4 12. Nd4 Nxc3 13. bxc3 Bg6 14. c4 Bf6 15. Bb2 c5 16. dxc6 bxc6 17. c5 Qd5 18. Qa4 Rab8 19. Bf3 Qxc5 20. Ba3 Qxd4 21. Qxa5 Rfd8 22. Rad1 Qb6 23. Qxb6 Rxb6 24. Rxd8+ Bxd8 25. Rd1 Bf6 26. Bc5 Ra6 27. a3 h6 28. Rd7 Bb2 29. Rxa7 Rxa7 30. Bxa7 Bxa3 31. Bxc6 Bd6 32. g3 Bf5 33. Kg2 g5 34. Bf3 Be5 35. Be3 Kg7 36. Bg4 Be4+ 37. Bf3 Bd3 38. Bg4 1/2-1/2


[Site "https://www.chess.com"]

[Event "Titled Tuesday Blitz May 10 Early 2022"]
[White "Sanchez, Robert"]
[Black "Roux, Baptiste"]
[WhiteFideId "2034360"]
[BlackFideId "36017450"]
[WhiteElo "2128"]
[BlackElo "1935"]
[Result "1-0"]
[Round "02"]
[TimeControl "180+1"]
[Date "2022.05.11"]
[WhiteClock "0:00:47"]
[BlackClock "0:00:22"]

1. e4 e5 2. Nf3 Nc6 3. Bb5 a6 4. Ba4 Nf6 5. d3 Be7 6. c4 d6 7. Bxc6+ bxc6 8. h3 O-O 9. Nc3 a5 10. O-O Ne8 11. d4 exd4 12. Qxd4 Bb7 13. b3 Bf6 14. Qd3 g6 15. Bh6 Ng7 16. Rad1 Re8 17. Rfe1 Qe7 18. e5 dxe5 19. Ne4 Rad8 20. Qc2 Nf5 21. Nxf6+ Qxf6 22. Rxd8 Qxd8 23. Bg5 f6 24. Bd2 c5 25. Nh2 Qd7 26. Ng4 Kg7 27. Rd1 Nd4 28. Qd3 Qc6 29. Qf1 Nf3+ 30. Kh1 Nh4 31. f3 Nf5 32. Qf2 h5 33. Ne3 Nd4 34. Nd5 Qd7 35. Nc3 Nxf3 36. Bh6+ Kxh6 37. Rxd7 Nd4 38. Qxf6 Nf5 39. h4 Bxg2+ 40. Kxg2 Ne3+ 41. Kh1 1-0


[Site "https://www.chess.com"]

[Event "Titled Tuesday Blitz May 10 Early 2022"]
[White "Schut, Han"]
[Black "Shuvalov, Evgenij"]
[WhiteFideId "1005561"]
[BlackFideId "4187237"]
[WhiteElo "2057"]
[BlackElo "2053"]
[Result "0-1"]
[Round "02"]
[TimeControl "180+1"]
[Date "2022.05.11"]
[WhiteClock "0:00:10"]
[BlackClock "0:00:51"]

1. e4 e6 2. d4 d5 3. Nd2 c5 4. Ngf3 Nc6 5. exd5 exd5 6. Bb5 Qe7+ 7. Qe2 Qxe2+ 8. Kxe2 a6 9. Bxc6+ bxc6 10. Re1 f6 11. Kf1+ Kf7 12. dxc5 Bxc5 13. Nb3 Be7 14. c4 a5 15. cxd5 cxd5 16. Nbd4 Bd7 17. Bd2 a4 18. b3 Bd6 19. bxa4 Rxa4 20. Reb1 Ne7 21. Rb7 Rd8 22. Nb5 Bxb5+ 23. Rxb5 Rda8 24. Rb2 g5 25. h3 h5 26. Rc2 g4 27. hxg4 hxg4 28. Ne1 Be5 29. Rd1 Rxa2 30. Rxa2 Rxa2 31. Be3 Ke6 32. Nd3 Nf5 33. Nc5+ Kd6 34. Ne4+ Ke7 35. Rxd5 g3 36. Nc5 Nxe3+ 37. fxe3 Rf2+ 38. Ke1 Rxg2 39. Rd7+ Ke8 40. Rb7 Rc2 41. Ne6 g2 42. Rg7 Bh2 43. Nf4 g1=Q+ 44. Rxg1 Bxg1 0-1


[Site "https://www.chess.com"]

[Event "Titled Tuesday Blitz May 10 Early 2022"]
[White "Shimelkov, Vasiliy"]
[Black "Odegov, Artem"]
[WhiteFideId "13701630"]
[BlackFideId "34183644"]
[WhiteElo "2073"]
[BlackElo "2286"]
[Result "1-0"]
[Round "02"]
[TimeControl "180+1"]
[Date "2022.05.11"]
[WhiteClock "0:00:20"]
[BlackClock "0:00:02"]

1. d4 d5 2. Nf3 Nf6 3. c4 e6 4. g3 c5 5. cxd5 exd5 6. Bg2 Nc6 7. O-O Be7 8. Nc3 O-O 9. Bg5 cxd4 10. Nxd4 h6 11. Bf4 Be6 12. Rc1 Qd7 13. Qd2 Rae8 14. Rfd1 Bh3 15. Bh1 Na5 16. b3 Bb4 17. Qd3 g5 18. Bd2 Nc6 19. Nc2 Bc5 20. Be1 Ne5 21. Qd2 Rd8 22. Na4 Be7 23. Ne3 d4 24. Nc2 d3 25. Qc3 Qf5 26. Ne3 Qe6 27. exd3 Nfg4 28. d4 Nxe3 29. Qxe3 Ng4 30. Qxe6 fxe6 31. Bxb7 Bd6 32. Bg2 Bxg2 33. Kxg2 Rf6 34. h3 h5 35. hxg4 hxg4 36. Bd2 Kf7 37. Bxg5 Rh8 38. Bxf6 Kxf6 39. Rh1 1-0


[Site "https://www.chess.com"]

[Event "Titled Tuesday Blitz May 10 Early 2022"]
[White "Shtyka, Sergey"]
[Black "Oganian, Miran"]
[WhiteFideId "4138465"]
[BlackFideId "4122488"]
[WhiteElo "2014"]
[BlackElo "2357"]
[Result "0-1"]
[Round "02"]
[TimeControl "180+1"]
[Date "2022.05.11"]
[WhiteClock "0:00:03"]
[BlackClock "0:00:22"]

1. e4 e6 2. Nf3 d5 3. e5 c5 4. b4 cxb4 5. a3 Nc6 6. axb4 Bxb4 7. c3 Be7 8. d4 a6 9. Bd3 Bd7 10. O-O Rc8 11. Re1 Na5 12. Bf4 Nh6 13. Bxh6 gxh6 14. g3 Qc7 15. h4 Nc4 16. Qc1 Bf8 17. Kg2 Bb5 18. Qf4 Na3 19. Bxb5+ Nxb5 20. Nh2 h5 21. Nf3 h6 22. Ng1 Rg8 23. Ne2 Rg4 24. Qf3 Be7 25. Nf4 Bxh4 26. Nxh5 Rg6 27. Nf4 Rg8 28. Qh5 Qe7 29. Nxe6 Bxg3 30. fxg3 Qxe6 31. Re3 Qg6 32. Qf3 Nc7 33. Nd2 Ne6 34. Rf1 h5 35. Kf2 h4 36. Rg1 h3 37. Rh1 Ng5 38. Qxd5 Qc2 39. Re2 Qf5+ 40. Ke1 Rxc3 0-1


[Site "https://www.chess.com"]

[Event "Titled Tuesday Blitz May 10 Early 2022"]
[White "Shukhman, Anna"]
[Black "Mitrabha, Guha"]
[WhiteFideId "54180058"]
[BlackFideId "5057000"]
[WhiteElo "1726"]
[BlackElo "2468"]
[Result "0-1"]
[Round "02"]
[TimeControl "180+1"]
[Date "2022.05.11"]
[WhiteClock "0:00:59"]
[BlackClock "0:02:37"]

1. e4 e5 2. Nf3 Nc6 3. Bb5 a6 4. Ba4 Bc5 5. O-O Nge7 6. c3 Ng6 7. d4 Ba7 8. Bg5 f6 9. Be3 O-O 10. Nbd2 d6 11. Re1 Kh8 12. Nf1 Bg4 13. Bxc6 bxc6 14. h3 Bd7 15. dxe5 fxe5 16. Ng3 Nf4 17. Nd2 Qh4 18. Nf3 Qf6 19. Bxf4 Qxf4 20. Qc1 Qxg3 0-1


[Site "https://www.chess.com"]